 Dungeon Crawl Stone Soup version 0.16.1-11-g651b585 (webtiles) character file.

2429 jacksonaction the Geomancer (level 9, -10/45 HPs)
             Began as a Gargoyle Earth Elementalist on Apr 6, 2015.
             Was a Priest of Sif Muna.
             Killed by the air
             ... invoked by Gastronok
              (23 damage)
             ... on level 8 of the Dungeon.
             The game lasted 01:05:21 (10860 turns).

jacksonaction the Geomancer (GrEE)                 Turns: 10860, Time: 01:05:23

Health: -10/45     AC: 12    Str: 12    XL:     9   Next: 48%
Magic:  0/23       EV: 12    Int: 19    God:    Sif Muna [***...]
Gold:   352        SH:  0    Dex: 10    Spells: 5 memorised, 3 levels left

rFire  . . .     SeeInvis .     e - +0 dagger (protect)
rCold  . . .     Clarity  .     c - +0 robe
rNeg   + + .     SustAb   .     (no shield)
rPois  ∞         Gourm    .     (no helmet)
rElec  +         Spirit   .     (no cloak)
rCorr  .         Warding  +     (no gloves)
rMut   .         Stasis   .     (no boots)
MR     .....                    Q - amulet of warding
Stlth  ++........               (no ring)
                                (no ring)

@: very slightly contaminated, slowed, very slow, not resistant to hostile
enchantments, unstealthy
A: negative energy resistance 1, electricity resistance, unbreathing,
petrification resistance, rot immunity, AC +5
a: Channel Energy, Forget Spell, Renounce Religion


You were on level 8 of the Dungeon.
You worshipped Sif Muna.
Sif Muna was most pleased with you.
You were very hungry.

You visited 2 branches of the dungeon, and saw 9 of its levels.

You collected 352 gold pieces.

Inventory:

Hand weapons
 e - a +0 dagger of protection (weapon)
 y - a +0 hand crossbow
 T - the +10 mace "Neodeo" {venom, Str+5, unknown}
   (You found it on level 8 of the Dungeon)

   It poisons the flesh of those it strikes.
   It affects your strength (+5).
Missiles
 A - 15 bolts of frost
 D - 11 poisoned bolts
 E - 3 tomahawks (quivered)
 P - 13 bolts of penetration
Armour
 c - a +0 robe (worn)
 t - a +0 cloak
 C - a +0 pair of gloves
Jewellery
 b - an uncursed amulet of regeneration
 n - a cursed -6 ring of strength {unknown}
 N - a cursed -2 ring of intelligence {unknown}
 Q - an amulet of warding (around neck)
 R - an uncursed amulet of rage
Magical devices
 u - a wand of lightning (7)
 z - a wand of fire (4)
 J - a wand of lightning (5)
Scrolls
 i - 2 scrolls of random uselessness {unknown}
 j - 3 scrolls of identify
 k - a scroll of noise {unknown}
 m - 2 scrolls of immolation {unknown}
 o - 2 scrolls of enchant weapon {unknown}
 p - a scroll of amnesia {unknown}
 s - 2 scrolls of magic mapping {unknown}
 v - 3 scrolls of blinking
 w - 2 scrolls of teleportation
 H - a scroll of enchant armour {unknown}
 L - a scroll of recharging {unknown}
 M - 2 scrolls of remove curse {unknown}
Potions
 f - a potion of lignification {unknown}
 g - 6 potions of heal wounds {unknown}
 h - 3 potions of brilliance {unknown}
 l - a potion of invisibility {unknown}
 q - 2 potions of magic {unknown}
 r - a potion of cure mutation {unknown}
 B - a potion of mutation {unknown}
 F - 4 potions of poison {unknown}
 G - 5 potions of curing {unknown}
 K - 2 potions of cancellation {unknown}
 S - a potion of agility {unknown}
Books
 d - a book of Geomancy

   Spells                             Type                      Level
   a - Sandblast                      Earth                        1
   b - Stoneskin                      Transmutation/Earth          2
   c - Passwall                       Transmutation/Earth          3
   d - Stone Arrow                    Conjuration/Earth            3
   e - Petrify                        Transmutation/Earth          4
   f - Lee's Rapid Deconstruction     Earth                        5
 O - a book of Callings

   Spells                             Type                      Level
   a - Summon Small Mammal            Summoning                    1
   b - Call Imp                       Summoning                    2
   c - Call Canine Familiar           Summoning                    3
   d - Summon Guardian Golem          Hexes/Summoning              4
   e - Summon Lightning Spire         Summoning/Air                4
   f - Summon Ice Beast               Ice/Summoning                4
Comestibles
 a - 4 bread rations
 x - 7 fruits
 I - a meat ration


   Skills:
 - Level 1.5 Dodging
 - Level 2.1 Stealth
 - Level 6.2 Spellcasting
 - Level 2.0 Conjurations
 - Level 4.0 Summonings
 - Level 2.2 Transmutations
 - Level 1.0 Air Magic
 - Level 10.7 Earth Magic
 + Level 1.8 Invocations


You had 3 spell levels left.
You knew the following spells:

 Your Spells              Type           Power        Failure   Level  Hunger
a - Sandblast             Erth           #####.       1%          1    None
b - Stone Arrow           Conj/Erth      ####..       2%          3    ##.....
c - Petrify               Trmt/Erth      ####....     10%         4    ####...
d - Lee's Rapid Deconstr  Erth           #####.....   4%          5    #####..
e - Summon Lightning Spi  Summ/Air       ###.....     38%         4    ####...


Dungeon Overview and Level Annotations

Branches:
Dungeon (8/15)             Temple (1/1) D:4
   Lair: D:8-11

Altars:
Ashenzari
Dithmenos
Elyvilon
Fedhas
Kikubaaqudgha
Makhleb
Nemelex Xobeh
Okawaru
Qazlal
Ru
Sif Muna
Trog
Vehumet
Xom
Yredelemnul
Zin
The Shining One

Shops:
D:4 =

Annotations:
D:3 Ljcope's ghost, average DEWz
D:8 Gastronok


Innate Abilities, Weirdness & Mutations

You are resistant to torment.
You are immune to poison.
Your stone body is very resilient (AC +5).
You resist negative energy.
You are resistant to electric shocks.
You can survive without breathing.
You are immune to petrification.
You are immune to rotting.


Message History

You are starving!
Gastronok bites you!
* * * LOW HITPOINT WARNING * * *
Eat which item? (? for menu, Esc to quit)
You are feeling very hungry.
That peach was delicious!
Gastronok's eyestalks quiver as he mumbles some strange words.
Casting: Sandblast
Confirm with . or Enter, or press ? or * to list all spells.
Aiming: Stone Arrow
Press: ? - help, Shift-Dir - straight line, f/p - Gastronok
Aim: Gastronok, wearing a runed hat (almost dead, covering ground quickly)
You miscast Stone Arrow.
You are very lightly contaminated with residual magic.
Nothing appears to happen.
The bat misses you.
The bat tries to attack you, but flinches away.
Gastronok waves his eye-stalks in wide circles.
The air twists around and strikes you!
Ouch! That really hurt!
You die...

##......# #.......#
##.).....## . #.........#
(..# ##.........## .(..#
#...).......## ##(.)#
##..b...##....##
.......###.......####...##
#....rw.@....## ##...##
#.............# ##...##
####.#......##...##
##...##
...........####...##
#....# #.####.....#
###..####....# #.....##
##...##....# #......##
#.........# #.......##
##......... ......###...##
##........


You could see Gastronok, a quokka and a bat.

Vanquished Creatures
  Joseph (D:7)
  Eustachio (D:4)
  An ice beast (D:6)
  An orc warrior (D:6)
  A sky beast (D:8)
  A phantom (D:5)
  2 ogres (D:5)
  2 giant frogs (D:6)
  2 scorpions
  A crimson imp (D:5)
  3 goliath beetles
  A centaur zombie (D:5)
  A giant frog zombie (D:8)
  2 hounds
  2 iguanas
  A jelly (D:5)
  2 orc priests (D:5)
  4 worker ants
  7 orc wizards
  A killer bee zombie (D:8)
  A hound zombie (D:5)
  A worker ant zombie (D:7)
  12 adders
  11 gnolls
  2 giant mites
  A shadow imp (D:6)
  2 worms
  An adder zombie (D:6)
  2 oozes
  22 orcs
  A bat skeleton (D:6)
  A bat zombie (D:6)
  16 goblins
  19 hobgoblins
  2 jackals (D:3)
  5 quokkas
  A ball python (D:3)
  12 bats
  11 giant cockroaches
  5 giant geckos
  4 giant newts
  21 kobolds
  A quokka skeleton (D:8)
  14 rats
205 creatures vanquished.

Vanquished Creatures (others)
  2 plants (D:5)
2 creatures vanquished.

Grand Total: 207 creatures vanquished

Notes
Turn   | Place    | Note
--------------------------------------------------------------
     0 | D:1      | jacksonaction, the Gargoyle Earth Elementalist, began the quest for the Orb.
     0 | D:1      | Reached XP level 1. HP: 10/10 MP: 3/3
   150 | D:1      | Reached skill level 4 in Earth Magic
   217 | D:1      | Reached XP level 2. HP: 9/15 MP: 0/4
  1201 | D:2      | Reached XP level 3. HP: 19/19 MP: 1/6
  1253 | D:2      | Learned a level 3 spell: Stone Arrow
  1260 | D:2      | Reached skill level 5 in Earth Magic
  1719 | D:2      | Reached skill level 1 in Conjurations
  1880 | D:2      | Reached XP level 4. HP: 24/24 MP: 1/7
  2193 | D:2      | Reached skill level 6 in Earth Magic
  2205 | D:2      | Reached XP level 5. HP: 2/28 MP: 0/9
  3359 | D:2      | Learned a level 4 spell: Petrify
  3598 | D:3      | Reached skill level 1 in Transmutations
  4767 | D:3      | Noticed Ljcope's ghost (average DEWz)
  4801 | D:4      | Found Cepoek's Jewellery Boutique.
  5048 | D:4      | Reached XP level 6. HP: 32/32 MP: 3/10
  5216 | D:4      | Found a burning altar of Makhleb.
  5224 | D:4      | Reached skill level 7 in Earth Magic
  5542 | D:4      | Noticed Eustachio
  5566 | D:4      | Killed Eustachio
  5566 | D:4      | Reached skill level 8 in Earth Magic
  5566 | D:4      | Reached XP level 7. HP: 36/36 MP: 2/12
  5614 | D:4      | Got a smoking hunting sling
  5699 | D:4      | Found a staircase to the Ecumenical Temple.
  5711 | Temple   | Entered the Ecumenical Temple
  5782 | Temple   | Became a worshipper of Sif Muna the Loreminder
  5897 | D:5      | Entered Level 5 of the Dungeon
  6511 | D:5      | Reached skill level 9 in Earth Magic
  6750 | D:5      | Reached skill level 1 in Invocations
  6757 | D:5      | Acquired Sif Muna's first power
  6924 | D:5      | Reached XP level 8. HP: 41/41 MP: 13/17
  7393 | D:5      | Learned a level 5 spell: Lee's Rapid Deconstruction
  7506 | D:5      | Found a sacrificial altar of Ru.
  7681 | D:5      | Reached skill level 10 in Earth Magic
  8407 | D:5      | Reached skill level 5 in Spellcasting
  8445 | D:5      | Acquired Sif Muna's second power
  8924 | D:6      | Found a deep blue altar of Sif Muna.
  9005 | D:6      | Reached XP level 9. HP: 45/45 MP: 13/23
  9277 | D:6      | Found a bloodstained altar of Trog.
  9376 | D:6      | Learned a level 4 spell: Summon Lightning Spire
  9385 | D:6      | Found a glowing golden altar of the Shining One.
  9645 | D:7      | Noticed Joseph
  9662 | D:7      | Killed Joseph
  9912 | D:7      | Found a blossoming altar of Fedhas.
  9965 | D:7      | Found a shattered altar of Ashenzari.
 10158 | D:7      | Reached skill level 1 in Air Magic
 10577 | D:8      | Got a crystal mace
 10835 | D:8      | Noticed Gastronok
 10860 | D:8      | Killed from afar by Gastronok

Action                   |  1- 3 |  4- 6 |  7- 9 || total
-------------------------+-------+-------+-------++-------
Melee: Unarmed           |    50 |       |       ||    50
       Dagger            |    60 |   126 |    82 ||   268
 Fire: Hand crossbow     |       |    21 |    15 ||    36
Throw: Stone             |    16 |    25 |       ||    41
       Tomahawk          |       |       |    90 ||    90
 Cast: Sandblast         |    33 |    81 |    51 ||   165
       Stone Arrow       |    13 |    25 |   154 ||   192
       Lee's Rapid Decon |       |       |     3 ||     3
       Petrify           |       |       |     1 ||     1
Invok: Channel Energy    |       |       |    70 ||    70
Evoke: Wand              |       |       |     1 ||     1
  Use: Scroll            |       |       |     2 ||     2
 Stab: Sleeping          |     2 |       |       ||     2
  Eat: Chunk             |     5 |    16 |    33 ||    54
       Fruit             |       |       |     2 ||     2
       Pizza             |       |       |     1 ||     1
